NCAA
RUTGERS SCARLET KNIGHTS @ ARIZONA STATE SUN DEVILS
04/04/2028
 
TOP OF THE 1ST
Rutgers Scarlet Knights batting - Pitching for Arizona State Sun Devils : LHP Hunter Johnson
Pitching: LHP Hunter Johnson
Batting: LHB Dave Watkins 0-0: Called Strike
0-1: Called Strike
0-2: Foul Ball, location: 2F
0-2: Foul Ball, location: 2F
0-2: Strikes out swinging
Batting: RHB Howard Battle 0-0: Foul Ball, location: 2F
0-1: Foul Ball, location: 2F
0-2: Strikes out swinging
Batting: LHB Carlos Hernández 0-0: Called Strike
0-1: Foul Ball, location: 2F
0-2: Strikes out swinging
Top of the 1st over - 0 run(s), 0 hit(s), 0 error(s), 0 left on base; Rutgers 0 - Arizona State 0
BOTTOM OF THE 1ST
Arizona State Sun Devils batting - Pitching for Rutgers Scarlet Knights : LHP Rubén De La Garza
Pitching: LHP Rubén De La Garza
Batting: LHB Ryan Billman 0-0: Ball
1-0: Ball
2-0: DOUBLE (Groundball, 3L)
Batting: SHB Paul Davenport 0-0: Ball
1-0: Called Strike
1-1: Fly out, F9 (Flyball, 9S)
Batting: RHB Cristo Avalos 0-0: Called Strike
0-1: Ball
1-1: Hit by Pitch
Batting: SHB Leonardo González 0-0: Ball
1-0: Swinging Strike
1-1: Swinging Strike
1-2: Ball
2-2: Strikes out looking
Batting: RHB Tim Oliver 0-0: Swinging Strike
0-1: Swinging Strike
0-2: SINGLE (Groundball, 56D)
Ryan Billman to third
Cristo Avalos to second
Runner from 3rd tries for Home, SAFE, no throw
Batting: LHB Werner Fisher 0-0: Ball
1-0: Ball
2-0: Called Strike
2-1: Called Strike
2-2: Strikes out swinging
Bottom of the 1st over - 1 run(s), 2 hit(s), 0 error(s), 2 left on base; Rutgers 0 - Arizona State 1
TOP OF THE 2ND
Rutgers Scarlet Knights batting - Pitching for Arizona State Sun Devils : LHP Hunter Johnson
Batting: RHB Chris Barker 0-0: Called Strike
0-1: Swinging Strike
0-2: Ball
1-2: Hit by Pitch
Batting: RHB Eric Green 0-0: Ball
1-0: Called Strike
1-1: Ball
2-1: Ball
3-1: Base on Balls
Chris Barker to second
Batting: LHB Ryan Washington 0-0: Called Strike
0-1: SINGLE (Groundball, 34D)
Chris Barker to third
Eric Green to second
Runner from 3rd tries for Home, throw and OUT!
Batting: RHB Joseph McCarteney 0-0: Ball
Passed Ball!
Eric Green to third
Ryan Washington to second
1-0: Called Strike
1-1: 3-RUN HOME RUN (Flyball, 7D), Distance : 344 ft
Batting: RHB Harry Wilkins 0-0: Bunted foul
0-1: Ball
1-1: Ground out 6-3 (Groundball, 56)
Batting: RHB Jesús León 0-0: Ball
1-0: Called Strike
1-1: Called Strike
1-2: Strikes out looking
Top of the 2nd over - 3 run(s), 2 hit(s), 0 error(s), 0 left on base; Rutgers 3 - Arizona State 1
BOTTOM OF THE 2ND
Arizona State Sun Devils batting - Pitching for Rutgers Scarlet Knights : LHP Rubén De La Garza
Batting: LHB José Serrano 0-0: Called Strike
0-1: Ground out 1-3 (Groundball, 13S)
Batting: LHB Juan Guzmán 0-0: Ball
1-0: Called Strike
1-1: Swinging Strike
1-2: Fly out, F7 (Line Drive, 7LS)
Batting: LHB John Turner 0-0: Called Strike
0-1: Ground out 4-3 (Groundball, 34)
Bottom of the 2nd over - 0 run(s), 0 hit(s), 0 error(s), 0 left on base; Rutgers 3 - Arizona State 1
TOP OF THE 3RD
Rutgers Scarlet Knights batting - Pitching for Arizona State Sun Devils : LHP Hunter Johnson
Batting: LHB Dave Watkins 0-0: Ball
1-0: Called Strike
1-1: Foul Ball, location: 2F
1-2: Foul Ball, location: 2F
1-2: Strikes out swinging
Batting: RHB Howard Battle 0-0: Foul Ball, location: 2F
0-1: Foul Ball, location: 2F
0-2: Ground out 5-3 (Groundball, 56)
Batting: LHB Carlos Hernández 0-0: Fly out, F7 (Flyball, 7LSF)
Top of the 3rd over - 0 run(s), 0 hit(s), 0 error(s), 0 left on base; Rutgers 3 - Arizona State 1
BOTTOM OF THE 3RD
Arizona State Sun Devils batting - Pitching for Rutgers Scarlet Knights : LHP Rubén De La Garza
Batting: LHB Ryan Billman 0-0: Ball
1-0: Called Strike
1-1: Ball
2-1: Ball
3-1: Base on Balls
Batting: SHB Paul Davenport 0-0: Foul Ball, location: 2F
0-1: Fly out, F6 (Popup, 56D)
Batting: RHB Cristo Avalos 0-0: Ball
1-0: Called Strike
Ryan Billman steals 2nd base
1-1: Ball
2-1: Fly out, F8 (Flyball, 8RM)
Batting: SHB Leonardo González 0-0: Ball
1-0: Swinging Strike
1-1: Ball
2-1: Foul Ball, location: 2F
2-2: Foul Ball, location: 2F
2-2: Ground out 6-3 (Groundball, 56)
Bottom of the 3rd over - 0 run(s), 0 hit(s), 0 error(s), 1 left on base; Rutgers 3 - Arizona State 1
TOP OF THE 4TH
Rutgers Scarlet Knights batting - Pitching for Arizona State Sun Devils : LHP Hunter Johnson
Batting: RHB Chris Barker 0-0: Ball
1-0: Called Strike
1-1: Foul Ball, location: 2F
1-2: Strikes out swinging
Batting: RHB Eric Green 0-0: Foul Ball, location: 2F
0-1: Ball
1-1: Foul Ball, location: 2F
1-2: Foul Ball, location: 2F
1-2: Strikes out swinging
Batting: LHB Ryan Washington 0-0: Called Strike
0-1: Fly out, F3 (Line Drive, 34)
Top of the 4th over - 0 run(s), 0 hit(s), 0 error(s), 0 left on base; Rutgers 3 - Arizona State 1
BOTTOM OF THE 4TH
Arizona State Sun Devils batting - Pitching for Rutgers Scarlet Knights : LHP Rubén De La Garza
Batting: RHB Tim Oliver 0-0: Ball
1-0: Ball
2-0: Ball
3-0: Base on Balls
Batting: LHB Werner Fisher 0-0: Swinging Strike
0-1: Foul Ball, location: 2F
0-2: Strikes out swinging
Batting: LHB José Serrano 0-0: Called Strike
Tim Oliver steals 2nd base
0-1: Ball
1-1: Fly out, F2 (Popup, 25)
Batting: LHB Juan Guzmán 0-0: Swinging Strike
0-1: Ball
1-1: Ball
2-1: 2-RUN HOME RUN (Flyball, 89XD), Distance : 369 ft
Batting: LHB John Turner 0-0: Ball
1-0: Ball
2-0: Foul Ball, location: 2F
2-1: Ball
3-1: Fly out, F7 (Flyball, 7LMF)
Bottom of the 4th over - 2 run(s), 1 hit(s), 0 error(s), 0 left on base; Rutgers 3 - Arizona State 3
TOP OF THE 5TH
Rutgers Scarlet Knights batting - Pitching for Arizona State Sun Devils : LHP Hunter Johnson
Batting: RHB Joseph McCarteney 0-0: Ball
1-0: Foul Ball, location: 2F
1-1: Swinging Strike
1-2: Ball
2-2: Strikes out swinging
Batting: RHB Harry Wilkins 0-0: Swinging Strike
0-1: Ball
1-1: Ball
2-1: Ball
3-1: Ground out 1-3 (Groundball, 13)
Batting: RHB Jesús León 0-0: Called Strike
0-1: Called Strike
0-2: Ball
1-2: Ball
2-2: Foul Ball, location: 2F
2-2: Ball
3-2: Base on Balls
Batting: LHB Dave Watkins 0-0: SINGLE (Flyball, 8LS)
Jesús León to second
Batting: RHB Howard Battle 0-0: Ball
1-0: SINGLE (Groundball, 4D)
Jesús León to third
Dave Watkins to second
Runner from 3rd tries for Home, SAFE, no throw
Batting: LHB Carlos Hernández 0-0: Ball
1-0: Called Strike
1-1: Fly out, F4 (Popup, 3D)
Top of the 5th over - 1 run(s), 2 hit(s), 0 error(s), 2 left on base; Rutgers 4 - Arizona State 3
BOTTOM OF THE 5TH
Arizona State Sun Devils batting - Pitching for Rutgers Scarlet Knights : LHP Rubén De La Garza
Batting: LHB Ryan Billman 0-0: Foul Ball, location: 2F
0-1: SINGLE (Line Drive, 34D)
Batting: SHB Paul Davenport 0-0: Ball
1-0: Fly out, F8 (Flyball, 8LD)
Batting: RHB Cristo Avalos 0-0: Ball
1-0: Swinging Strike
1-1: Called Strike
1-2: DOUBLE (Line Drive, 8LM)
Ryan Billman to third
Ryan Billman scores
Batting: SHB Leonardo González 0-0: Intentional Walk
Batting: RHB Tim Oliver 0-0: Ball
1-0: Swinging Strike
1-1: Ball
2-1: Called Strike
2-2: Ball
3-2: Base on Balls
Cristo Avalos to third
Leonardo González to second
Pitching: RHP Tommy Holmes
Batting: LHB Werner Fisher 0-0: Foul Ball, location: 2F
0-1: Ball
1-1: Called Strike
1-2: Ball
2-2: Foul Ball, location: 2F
2-2: Strikes out looking
Batting: LHB José Serrano 0-0: Ball
1-0: Called Strike
1-1: Swinging Strike
1-2: Strikes out swinging
Bottom of the 5th over - 1 run(s), 2 hit(s), 0 error(s), 3 left on base; Rutgers 4 - Arizona State 4
TOP OF THE 6TH
Rutgers Scarlet Knights batting - Pitching for Arizona State Sun Devils : LHP Hunter Johnson
Batting: RHB Chris Barker 0-0: Called Strike
0-1: Ball
1-1: Ball
2-1: Ball
3-1: Swinging Strike
3-2: Strikes out swinging
Pitching: RHP Ken Ham
Batting: RHB Eric Green 0-0: Ball
1-0: Foul Ball, location: 2F
1-1: Ball
2-1: Foul Ball, location: 2F
2-2: Fly out, F4 (Line Drive, 4)
Batting: LHB Ryan Washington 0-0: Foul Ball, location: 2F
0-1: Called Strike
0-2: Strikes out swinging, 2-3 out at first.
Top of the 6th over - 0 run(s), 0 hit(s), 0 error(s), 0 left on base; Rutgers 4 - Arizona State 4
BOTTOM OF THE 6TH
Arizona State Sun Devils batting - Pitching for Rutgers Scarlet Knights : RHP Tommy Holmes
Batting: LHB Juan Guzmán 0-0: Ball
1-0: Foul Ball, location: 2F
1-1: Foul Ball, location: 2F
1-2: Fly out, F7 (Line Drive, 78S)
Batting: LHB John Turner 0-0: Called Strike
0-1: Fly out, F5 (Popup, 5S)
Batting: LHB Ryan Billman 0-0: Ball
1-0: Ground out U3 (Groundball, 3)
Bottom of the 6th over - 0 run(s), 0 hit(s), 0 error(s), 0 left on base; Rutgers 4 - Arizona State 4
TOP OF THE 7TH
Rutgers Scarlet Knights batting - Pitching for Arizona State Sun Devils : RHP Ken Ham
Pinch Hitting: SHB Pat Brock 0-0: Called Strike
0-1: Ground out 4-3 (Groundball, 4)
Batting: RHB Harry Wilkins 0-0: Ball
1-0: Ball
2-0: Ball
3-0: Called Strike
3-1: Base on Balls
Batting: RHB Jesús León 0-0: Ball
1-0: Called Strike
1-1: SINGLE (Line Drive, 34D)
Harry Wilkins to second
Batting: LHB Dave Watkins 0-0: SINGLE (Flyball, 9LM)
Harry Wilkins to third
Jesús León to second
Runner from 3rd tries for Home, SAFE, no throw
Batting: RHB Howard Battle 0-0: Ball
1-0: Foul Ball, location: 2F
1-1: Ball
Jesús León is caught stealing 3rd base
Dave Watkins to second
2-1: Fly out, F9 (Line Drive, 9S)
Top of the 7th over - 1 run(s), 2 hit(s), 0 error(s), 1 left on base; Rutgers 5 - Arizona State 4
BOTTOM OF THE 7TH
Arizona State Sun Devils batting - Pitching for Rutgers Scarlet Knights : RHP Tommy Holmes
Now at 2B: Pat Brock
Batting: SHB Paul Davenport 0-0: Foul Ball, location: 2F
0-1: Ball
1-1: Called Strike
1-2: Ball
2-2: Ball
3-2: Foul Ball, location: 2F
3-2: Ground out U3 (Groundball, 3L)
Batting: RHB Cristo Avalos 0-0: Fly out, F8 (Flyball, 8RM)
Batting: SHB Leonardo González 0-0: Ball
1-0: Reached via error on a dropped throw, E1
Pinch Runner at 1st John Lynch:
Batting: RHB Tim Oliver 0-0: Ball
1-0: Foul Ball, location: 2F
1-1: SINGLE (Groundball, 5L) (infield hit)
John Lynch to second
Batting: LHB Werner Fisher 0-0: Ball
1-0: Ground out U3 (Groundball, 3S)
Bottom of the 7th over - 0 run(s), 1 hit(s), 1 error(s), 2 left on base; Rutgers 5 - Arizona State 4
TOP OF THE 8TH
Rutgers Scarlet Knights batting - Pitching for Arizona State Sun Devils : RHP Ken Ham
Now in CF: John Lynch
Batting: LHB Carlos Hernández 0-0: Swinging Strike
0-1: Ball
1-1: Called Strike
1-2: SOLO HOME RUN (Flyball, 89XD), Distance : 372 ft
Pitching: LHP Marvin Hill
Batting: RHB Chris Barker 0-0: Fly out, F8 (Flyball, 8LD)
Batting: RHB Eric Green 0-0: Ball
1-0: Foul Ball, location: 2F
1-1: Ball
2-1: Foul Ball, location: 2F
2-2: Strikes out swinging
Batting: LHB Ryan Washington 0-0: Ball
1-0: Called Strike
1-1: Ground out 5-3 (Groundball, 25)
Top of the 8th over - 1 run(s), 1 hit(s), 0 error(s), 0 left on base; Rutgers 6 - Arizona State 4
BOTTOM OF THE 8TH
Arizona State Sun Devils batting - Pitching for Rutgers Scarlet Knights : RHP Tommy Holmes
Batting: LHB José Serrano 0-0: Called Strike
0-1: Ball
1-1: Ball
2-1: Foul Ball, location: 2F
2-2: Ball
3-2: Strikes out swinging
Batting: LHB Juan Guzmán 0-0: Ball
1-0: Called Strike
1-1: Swinging Strike
1-2: DOUBLE (Line Drive, 78M)
Pitching: LHP Eric Cutino
Batting: LHB John Turner 0-0: Ball
1-0: Ball
2-0: Ground out 4-3 (Groundball, 34D)
Juan Guzmán to third
Batting: LHB Ryan Billman 0-0: Ball
1-0: Called Strike
1-1: SINGLE (Groundball, 56D)
Juan Guzmán scores
Batting: SHB Paul Davenport 0-0: Called Strike
0-1: Fly out, F5 (Line Drive, 56)
Bottom of the 8th over - 1 run(s), 2 hit(s), 0 error(s), 1 left on base; Rutgers 6 - Arizona State 5
TOP OF THE 9TH
Rutgers Scarlet Knights batting - Pitching for Arizona State Sun Devils : LHP Marvin Hill
Pitching: RHP Carl Richter
Batting: SHB Pat Brock 0-0: Ground out 6-3 (Groundball, 6M)
Batting: RHB Harry Wilkins 0-0: Ball
1-0: Ball
2-0: Fly out, F8 (Flyball, 8LS)
Batting: RHB Jesús León 0-0: Called Strike
0-1: Ball
1-1: Ball
2-1: Ball
3-1: Called Strike
3-2: SINGLE (Groundball, 6D)
Batting: LHB Dave Watkins 0-0: Called Strike
0-1: Called Strike
0-2: Ball
1-2: Ball
2-2: Ground out U3 (Groundball, 3S)
Top of the 9th over - 0 run(s), 1 hit(s), 0 error(s), 1 left on base; Rutgers 6 - Arizona State 5
BOTTOM OF THE 9TH
Arizona State Sun Devils batting - Pitching for Rutgers Scarlet Knights : LHP Eric Cutino
Pitching: RHP Tyler Jones
Batting: RHB Cristo Avalos 0-0: Called Strike
0-1: Ball
1-1: Foul Ball, location: 2F
1-2: Ball
2-2: Strikes out swinging
Batting: LHB John Lynch 0-0: Ball
1-0: Ground out 3-1 (Groundball, 34S)
Batting: RHB Tim Oliver 0-0: Ball
1-0: Ball
2-0: Ball
3-0: Base on Balls
Batting: LHB Werner Fisher 0-0: Called Strike
0-1: Swinging Strike
0-2: Ball
1-2: Fly out, F3 (Popup, 34S)
Bottom of the 9th over - 0 run(s), 0 hit(s), 0 error(s), 1 left on base; Rutgers 6 - Arizona State 5
Tuesday, August 8th, 2017 - OOTP Baseball 17.12 Build 75